 Dungeon Crawl Stone Soup version 0.30-a0-23-ge60ba3568b (webtiles) character file.

Game seed: 3743376999140393354

96209 SensoryNuts the Executioner (level 15, -3/204 HPs)
             Began as a Minotaur Fighter on Aug 24, 2022.
             Slain by a rockslime (14 damage)
             ... on level 2 of the Pits of Slime.
             The game lasted 00:49:43 (28162 turns).

SensoryNuts the Executioner (Minotaur Fighter)     Turns: 28162, Time: 00:49:44

Health: -3/204     AC: 31    Str: 17    XL:     15   Next: 68%
Magic:  14/14      EV:  2    Int:  4    God:
Gold:   3555       SH: 22    Dex: 29    Spells: 14/14 levels left

rFire   x . .      SeeInvis +    a - +4 war axe
rCold   + . .      Faith    .    o - +0 kite shield
rNeg    + . .      Spirit   .    (body armour currently unavailable)
rPois   +          Reflect  +    (helmet currently unavailable)
rElec   .          Harm     .    (cloak currently unavailable)
rCorr   +          Rampage  .    (gloves currently unavailable)
Will    ++...      Clarity  +    (boots currently unavailable)
Stlth   +++++..... NoTele   +    s - amulet of reflection
HPRegen 0.44/turn                P - ring "Coacuzxi" {Will+ rCorr AC+4 Slay+3 SInv}
MPRegen 0.14/turn                g - ring of Vanity {Ice rN+ rCorr Str-5 Dex+8}

@: mighty, tree-form, studying Armour
A: stationary, stasis, torment immunity, boosted hp, (horns 2), (retaliatory
headbutt), thin skeletal structure 1, agile 1, clarity
a: no special abilities


You were on level 2 of the Pits of Slime.
You were a tree.
You visited 4 branches of the dungeon, and saw 23 of its levels.
You also visited: Ossuary.

You collected 3749 gold pieces.
You spent 194 gold pieces at shops.

Inventory:

Hand Weapons
 a - a +4 war axe (weapon)
Armour
 m - +0 fire dragon scales
 o - a +0 kite shield (worn)
 p - +0 steam dragon scales
 y - the +4 pair of gloves "Lugguzuni" (melded) {rC- rN+++ Str+7 Stlth+}
   (You acquired it on level 6 of the Dungeon)

   Str:       It affects your strength (+7).
   rC:        It makes you vulnerable to cold.
   rN:        It renders you almost immune to negative energy.
   Stlth:     It makes you more stealthy.
 E - a +0 pair of boots (melded)
 J - +7 ice dragon scales (melded)
Jewellery
 f - a +6 ring of intelligence
 g - the ring of Vanity (right branch) {Ice rN+ rCorr Str-5 Dex+8}
   (You found it on level 4 of the Dungeon)

   [ring of ice]

   It enhances your ice magic.
   Str:       It affects your strength (-5).
   Dex:       It affects your dexterity (+8).
   rF:        It makes you vulnerable to fire.
   rC:        It protects you from cold.
   rN:        It protects you from negative energy.
   rCorr:     It protects you from acid and corrosion.
 s - an amulet of reflection (around neck)
 x - a ring of magical power
 M - an amulet of faith
 O - an amulet of regeneration
 P - the ring "Coacuzxi" (left branch) {Will+ rCorr AC+4 Slay+3 SInv}
   (You acquired it on level 14 of the Dungeon)

   [ring of protection]

   AC:        It affects your AC (+4).
   Slay:      It affects your accuracy & damage with ranged weapons and melee
   (+3).
   SInv:      It lets you see invisible.
   rCorr:     It protects you from acid and corrosion.
   Will:      It increases your willpower.
Wands
 b - a wand of charming (20)
 q - a wand of light (10)
 t - a wand of flame (33)
 B - a wand of polymorph (3) (quivered)
 C - a wand of iceblast (23)
 K - a wand of digging (5)
 L - a wand of mindburst (8)
Scrolls
 c - 4 scrolls of immolation
 e - 8 scrolls of identify
 h - 6 scrolls of noise
 j - a scroll of silence
 k - a scroll of amnesia
 l - 12 scrolls of butterflies
 n - 7 scrolls of vulnerability
 r - 2 scrolls of blinking
 u - a scroll of enchant weapon
 v - 14 scrolls of teleportation
 w - a scroll of magic mapping
 G - a scroll of enchant armour
Potions
 d - 5 potions of curing
 z - 4 potions of brilliance
 A - 2 potions of ambrosia
 D - 3 potions of mutation
 F - a potion of lignification
 H - 3 potions of magic
 N - a potion of flight
Miscellaneous
 I - a condenser vane


   Skills:
 + Level 13.6 Fighting
 * Level 21.0 Axes
 + Level 13.6 Armour
 + Level 9.2 Dodging
 + Level 6.3 Stealth
 + Level 16.6 Shields
 + Level 1.0 Evocations


You had 14 spell levels left.
You didn't know any spells.
Your spell library contained the following spells:

 Spells                   Type           Power      Damage    Failure   Level
 Apportation              Tloc           0%         N/A       67%         1
 Necrotise                Necr           0%         1d4       67%         1
 Shock                    Conj/Air       0%         1d3       67%         1
 Sting                    Tmut/Pois      0%         1d3       67%         1
 Summon Small Mammal      Summ           0%         N/A       67%         1
 Scorch                   Fire           0%         2d5       80%         2
 Static Discharge         Conj/Air       0%         3-3/arc   80%         2
 Gell's Gravitas          Tloc           0%         N/A       95%         3
 Lesser Beckoning         Tloc           0%         N/A       95%         3
 Swiftness                Air            0%         N/A       95%         3
 Teleport Other           Tloc           0%         N/A       95%         3
 Airstrike                Air            0%         2d(0-16)  100%        4
 Corpse Rot               Necr/Pois/Air  0%         N/A       100%        4
 Dispel Undead            Necr           0%         3d6       100%        4
 Flame Wave               Conj/Fire      0%         2d4       100%        4
 Petrify                  Tmut/Erth      0%         N/A       100%        4
 Blade Hands              Tmut           0%         N/A       100%        5
 Irradiate                Conj/Tmut      0%         3d11      100%        5
 Lightning Bolt           Conj/Air       0%         1d11      100%        5
 Death Channel            Necr           0%         N/A       100%        6
 Simulacrum               Ice/Necr       0%         N/A       100%        6
 Summon Cactus Giant      Summ           0%         N/A       100%        6
 Dragon Form              Tmut           0%         N/A       100%        7
 Maxwell's Capacitive Co  Air            0%         ∞         100%        8


Dungeon Overview and Level Annotations

Branches:
Dungeon (15/15)            Temple (1/1) D:7            Lair (5/5) D:8
  Swamp (0/4) Lair:3       Spider (0/4) Lair:2        Slime (2/5) Lair:5
    Orc (0/2) D:12         Vaults (0/5) D:13         Depths (0/4) D:15
Ossuary (visited)

Altars:
Ashenzari
Cheibriados
Dithmenos
Elyvilon
Fedhas
Gozag
Hepliaklqana
Kikubaaqudgha
Makhleb
Nemelex Xobeh
Okawaru
Qazlal
Ru
Sif Muna
Trog
Uskayaw
Vehumet
Wu Jian
Xom
Yredelemnul
Zin
The Shining One

Shops:
D:4 ?   D:11 (   D:13 (?

Annotations:
D:6 1 runed translucent door
D:13 1 transporter
Lair:1 exclusion: oklob plant
Lair:3 3 runed translucent doors, Pasiac's ghost, journeyman FoFi


Innate Abilities, Weirdness & Mutations

You are a tree.
Your roots penetrate the ground, keeping you stationary.
You cannot be teleported.
You are immune to unholy pain and torment.
Your maximum health is greatly increased.
Your equipment is partially melded.
((You have a pair of horns on your head.))
((You reflexively headbutt those who attack you in melee.))
You have a somewhat thin skeletal structure. (Dex +2, Stealth+)
You are agile. (Dex +4, Str/Int -1)
You possess an exceptional clarity of mind.


Message History

Unknown command.
You hit the rockslime.
The rockslime is heavily wounded.
You slash the slime creature! The rockslime hits you!!
* * * LOW HITPOINT WARNING * * *
The slime creature hits you but does no damage.
Unknown command.
You hit the rockslime.
The rockslime is severely wounded.
You hit the slime creature. You block the rockslime's attack.
The slime creature hits you but does no damage.
Unknown command.
Unknown command.
You feel better. You block the rockslime's attack. The slime creature hits you.
* * * LOW HITPOINT WARNING * * *
You feel better. You block the rockslime's attack.
The slime creature completely misses you.
The rockslime hits you but does no damage.
You feel very mighty all of a sudden.
The slime creature hits you but does no damage.
The rockslime hits you!
* * * LOW HITPOINT WARNING * * *
You hit the rockslime but do no damage.
The rockslime is heavily wounded.
You hit the slime creature.
The rockslime hits you but does no damage.
The slime creature hits you but does no damage.
Unknown command.
You hit the rockslime but do no damage.
The rockslime is heavily wounded.
You slash the slime creature!
You kill the slime creature!
You block the rockslime's attack.
Unknown command.
You slash the rockslime!
The rockslime is severely wounded.
The rockslime hits you!!
* * * LOW HITPOINT WARNING * * *
You feel better. The rockslime hits you!
You die...

...#............
...........>....
#..............
.#...........# ..
..#..........# ...
.............##...
#.#......#...#.....
.......J.#....# ...
.......♣.....# ..#.
#....#.......##....
...#....#....#.....
#.#....#..........#
# ##.##..........##
## ##...<....##
#........#
#....#...##
##.###...#


You could see a rockslime.

Vanquished Creatures
  A quicksilver ooze (Lair:4)
  The ghost of Mostra the Thaumaturge, a journeyman DjFE of Gozag (D:14)
  A fire dragon (D:15)
  A vault guard (D:13)
  2 boulder beetles
  2 ice dragons
  A hydra (D:13)
  An ogre mage (D:15)
  8 two-headed ogres
  3 catoblepae
  4 centaur warriors
  The ghost of drpainis the Cleaver, a novice MiBe of Trog (Lair:1)
  Erica (D:11)
  An alligator (Lair:5)
  2 tengu warriors
  5 death yaks (Lair:2)
  An orc high priest (D:14)
  2 bog bodies (Lair:3)
  3 orc knights (D:14)
  A wizard (D:15)
  4 necromancers (D:13)
  A wolf spider (Lair:5)
  9 cyclopes
  5 ugly things (D:15)
  7 manticores
  11 elephants (Lair:5)
  8 black mambas
  A torpor snail (Lair:4)
  An eye of devastation (Slime:1)
  The ghost of osoart the Shooter, a novice SpCj of Vehumet (D:6)
  2 centaur skeletons (D:11)
  19 cane toads
  A gargoyle (D:13)
  A guardian serpent (Lair:5)
  4 unseen horrors
  8 komodo dragons
  A tengu conjurer (D:14)
  A hornet (shapeshifter) (D:14)
  3 meliai (D:14)
  11 polar bears
  7 trolls
  A dream sheep (Lair:5)
  15 blink frogs
  2 hornets (Lair:5)
  4 raiju (Lair:5)
  28 slime creatures
  6 spriggans (Lair:2)
  2 centaur simulacra
  4 wraiths
  8 vampires
  13 wyverns
  3 shadows
  A yak (shapeshifter) (D:14)
  3 basilisks
  2 steam dragons
  42 yaks
  19 humans (D:13)
  2 redbacks (Lair:5)
  4 wargs (Lair:5)
  9 vampire mosquitoes
  An acid dragon (D:13)
  12 hell hounds (Lair:5)
  18 water moccasins
  3 ice beasts (D:6)
  7 orc warriors
  13 black bears
  3 ogres
  29 wolves
  19 centaurs
  4 phantoms
  A kobold brigand (D:10)
  13 bullfrogs
  22 scorpions
  A gnoll sergeant (D:9)
  5 wights (D:8)
  A killer bee (D:6)
  2 electric eels (D:10)
  2 howler monkeys
  4 centaur zombies
  5 hounds
  4 jellies
  2 human zombies (Ossuary)
  9 orc priests
  2 iguanas
  A gnoll bouda (D:9)
  11 orc wizards
  3 scorpion zombies (Ossuary)
  3 mummies (Ossuary)
  A killer bee simulacrum (D:6)
  10 gnolls (D:9)
  4 adders
  A shadow imp (D:6)
  A howler monkey simulacrum (D:6)
  5 white imps
  2 ufetubi (D:5)
  A worm zombie (D:6)
  4 worms
  A dart slug (D:2)
  32 orcs
  16 endoplasms
  10 giant cockroaches
  A gnoll zombie (Ossuary)
  8 goblins
  3 hobgoblins
  8 jackals
  8 ball pythons
  7 bats
  3 frilled lizards
  A goblin zombie (Ossuary)
  2 hobgoblin zombies (Ossuary)
  19 kobolds
  4 orc zombies (Ossuary)
  6 rats
  A butterfly (Lair:4)
675 creatures vanquished.

Vanquished Creatures (others)
  34 fungi
  117 plants
  6 toadstools (D:3)
  4 withered plants (D:10)
161 creatures vanquished.

Grand Total: 836 creatures vanquished

Notes
Turn   | Place    | Note
-------+----------+-------------------------------------------
     0 | D:1      | SensoryNuts the Minotaur Fighter began the quest for the
                  | Orb.
     0 | D:1      | Reached XP level 1. HP: 19/19 MP: 0/0
   129 | D:1      | Reached XP level 2. HP: 27/27 MP: 1/1
   507 | D:1      | Found a faded altar of an unknown god.
   594 | D:2      | Got the Guide on the Unstable Chill
   634 | D:2      | Found a sacrificial altar of Ru.
   648 | D:2      | Reached XP level 3. HP: 33/33 MP: 2/2
   823 | D:2      | Reached skill level 3 in Axes
  1492 | D:3      | Reached XP level 4. HP: 25/40 MP: 3/3
  1499 | D:3      | Reached skill level 4 in Axes
  1850 | D:3      | Reached XP level 5. HP: 46/46 MP: 4/4
  1855 | D:3      | Noticed an ogre
  1862 | D:3      | Gained mutation: You occasionally lose the ability to read
                  | scrolls when taking damage. [potion of mutation]
  1862 | D:3      | Gained mutation: You have an increased reservoir of magic.
                  | (+10% MP) [potion of mutation]
  1907 | D:3      | Killed an ogre
  1908 | D:3      | Reached skill level 5 in Axes
  1908 | D:3      | Reached skill level 1 in Dodging
  2343 | D:3      | Lost mutation: You occasionally lose the ability to read
                  | scrolls when taking damage. [potion of mutation]
  2343 | D:3      | Lost mutation: You have an increased reservoir of magic.
                  | (+10% MP) [potion of mutation]
  2343 | D:3      | Gained mutation: You possess an exceptional clarity of
                  | mind. [potion of mutation]
  2343 | D:3      | Gained mutation: You are agile. (Dex +4, Str/Int -1)
                  | [potion of mutation]
  2343 | D:3      | Gained mutation: You have a somewhat thin skeletal
                  | structure. (Dex +2, Stealth+) [potion of mutation]
  2352 | D:4      | Identified the ring of Vanity {Ice rN+ rCorr Str-5 Dex+8}
  2366 | D:4      | Reached XP level 6. HP: 50/53 MP: 5/5
  2367 | D:4      | Reached skill level 6 in Axes
  2399 | D:4      | Found the +1 Delatra's gloves {ID++}
  2460 | D:4      | Found an ancient bone altar of Kikubaaqudgha.
  2633 | D:4      | Found Laesmurr's Magic Scroll Boutique.
  2974 | D:4      | Identified a scroll of acquirement
  2974 | D:4      | Acquired 830 gold pieces
  2982 | D:5      | Entered Level 5 of the Dungeon
  3447 | D:5      | Reached skill level 1 in Stealth
  3596 | D:5      | Reached skill level 7 in Axes
  3596 | D:5      | Reached skill level 5 in Shields
  3596 | D:5      | Reached XP level 7. HP: 60/60 MP: 6/6
  4208 | D:6      | Found a runed translucent gate.
  4208 | D:6      | Found a runed translucent gate.
  4214 | D:6      | Found a runed translucent gate.
  4302 | D:6      | Reached skill level 8 in Axes
  4302 | D:6      | Reached skill level 5 in Armour
  4438 | D:6      | Noticed osoart's ghost (novice SpCj)
  4518 | D:6      | Found a sand-covered staircase.
  4533 | Ossuary  | Entered an ossuary
  4611 | Ossuary  | Reached skill level 5 in Fighting
  4640 | Ossuary  | Reached XP level 8. HP: 68/68 MP: 7/7
  4653 | Ossuary  | Reached skill level 9 in Axes
  4904 | Ossuary  | Reached skill level 10 in Axes
  5228 | D:6      | Found a runed translucent door.
  5230 | D:6      | Found a runed translucent door.
  5464 | D:6      | Acquired the +4 pair of gloves "Lugguzuni" {rC- rN+++ Str+7
                  | Stlth+}
  5508 | D:6      | Killed osoart's ghost
  5509 | D:6      | Reached skill level 11 in Axes
  5509 | D:6      | Reached XP level 9. HP: 69/75 MP: 8/8
  5630 | D:6      | Reached skill level 12 in Axes
  5689 | D:7      | Found a staircase to the Ecumenical Temple.
  5752 | Temple   | Entered the Ecumenical Temple
  6110 | D:7      | Reached skill level 13 in Axes
  6235 | D:7      | Noticed a cyclops
  6247 | D:7      | Killed a cyclops
  6248 | D:7      | Reached XP level 10. HP: 53/84 MP: 9/9
  7137 | D:8      | Found a staircase to the Lair.
  7714 | D:9      | Reached skill level 14 in Axes
  8103 | D:9      | Noticed a two-headed ogre
  8113 | D:9      | Killed a two-headed ogre
  8133 | D:9      | Reached skill level 15 in Axes
  8280 | D:9      | Reached XP level 11. HP: 92/92 MP: 10/10
  8356 | D:9      | Found a basalt altar of Yredelemnul.
  8748 | D:10     | Entered Level 10 of the Dungeon
  8786 | D:10     | Noticed a two-headed ogre
  8796 | D:10     | Killed a two-headed ogre
  8848 | D:10     | Identified the +1 scale mail "Kupnidgha" {rElec Str+2 SInv}
  8909 | D:10     | Found a white marble altar of Elyvilon.
  8974 | D:10     | Found a stormy altar of Qazlal.
 10482 | D:11     | Found Quihurray's Weapon Boutique.
 10522 | D:11     | Reached skill level 16 in Axes
 10964 | D:11     | Noticed Erica
 10984 | D:11     | Killed Erica
 11166 | D:11     | Reached skill level 10 in Shields
 11477 | D:11     | Noticed a two-headed ogre
 11513 | D:11     | Killed a two-headed ogre
 11653 | D:11     | Reached XP level 12. HP: 103/103 MP: 11/11
 11756 | D:11     | Acquired 1144 gold pieces
 12218 | D:11     | Reached skill level 17 in Axes
 12485 | D:12     | Noticed a boulder beetle
 12519 | D:12     | Killed a boulder beetle
 12768 | D:12     | Found a staircase to the Orcish Mines.
 12791 | D:12     | Reached skill level 5 in Dodging
 13151 | D:12     | Reached skill level 10 in Armour
 13341 | D:13     | Noticed a catoblepas
 13362 | D:13     | Killed a catoblepas
 13617 | D:13     | Noticed a two-headed ogre
 13631 | D:13     | Killed a two-headed ogre
 13971 | D:13     | Found Coek's Antique Weapon Shoppe.
 13974 | D:13     | Noticed a deep troll earth mage
 13977 | D:13     | Found a transporter.
 14012 | D:13     | Reached skill level 10 in Fighting
 14081 | D:13     | Noticed an ogre mage
 14082 | D:13     | Identified the +5 morningstar of Soddoh {chaos, Dex+2}
 14083 | D:13     | Noticed an ogre mage
 14209 | D:13     | Found Fopam's Magic Scroll Shop.
 14212 | D:13     | Bought a scroll of blinking for 97 gold pieces
 14212 | D:13     | Bought a scroll of enchant weapon for 97 gold pieces
 14277 | D:13     | Found a shimmering blue altar of Sif Muna.
 14446 | D:13     | Reached XP level 13. HP: 113/113 MP: 12/12
 14449 | D:13     | Found a gate to the Vaults.
 14481 | D:13     | Reached skill level 18 in Axes
 14485 | D:13     | Identified the +1 leather armour of the Sneaky Priests
                  | {Str+4}
 15755 | D:14     | Identified the +3 leather armour of Privacy {rElec Str+5}
 16446 | D:14     | Found a runed translucent gate.
 16446 | D:14     | Found a runed translucent gate.
 16446 | D:14     | Found a runed translucent gate.
 16449 | D:14     | Noticed Mostra's ghost (journeyman DjFE)
 16618 | D:14     | Reached skill level 5 in Stealth
 16893 | D:14     | Acquired the ring "Coacuzxi" {Will+ rCorr AC+4 Slay+3 SInv}
 16946 | D:14     | Killed Mostra's ghost
 17368 | D:15     | Entered Level 15 of the Dungeon
 17834 | D:15     | Reached XP level 14. HP: 111/124 MP: 13/13
 17842 | D:15     | Reached skill level 19 in Axes
 18006 | D:15     | Found a stormy altar of Qazlal.
 18081 | D:15     | Found a staircase to the Depths.
 20519 | Lair:1   | Entered Level 1 of the Lair of Beasts
 20574 | Lair:1   | Found a transporter.
 20580 | Lair:1   | Noticed drpainis's ghost (novice MiBe)
 20693 | Lair:1   | Found a transporter.
 21334 | Lair:1   | Killed drpainis's ghost
 21427 | Lair:1   | HP: 6/125 [20-headed hydra (8)]
 22214 | Lair:2   | Reached skill level 15 in Shields
 22469 | Lair:2   | Found a hole to the Spider Nest.
 23429 | Lair:3   | Found a staircase to the Swamp.
 23436 | Lair:3   | Reached skill level 20 in Axes
 23560 | Lair:3   | Found a runed translucent gate.
 23560 | Lair:3   | Found a runed translucent gate.
 23560 | Lair:3   | Found a runed translucent gate.
 23563 | Lair:3   | Noticed Pasiac's ghost (journeyman FoFi)
 24763 | Lair:4   | Noticed a quicksilver ooze
 24763 | Lair:4   | a five-headed hydra changed into a quicksilver ooze
 24770 | Lair:4   | Killed a quicksilver ooze
 25223 | Lair:5   | Entered Level 5 of the Lair of Beasts
 25256 | Lair:5   | Reached XP level 15. HP: 67/134 MP: 14/14
 26568 | Lair:5   | Reached skill level 1 in Evocations
 26808 | Lair:5   | Found a staircase to the Slime Pits.
 27517 | Slime:1  | Entered Level 1 of the Pits of Slime
 28127 | Slime:2  | Noticed a rockslime
 28132 | Slime:2  | Reached skill level 21 in Axes
 28161 | Slime:2  | HP: 1/204 [rockslime (30)]
 28162 | Slime:2  | Slain by a rockslime

Illustrated notes

Levels and vault maps discovered:
D:1:      erik_arrival_blinker_ship, layout_rooms,
          dilly_ecumenical_altar_fadedgnrine
D:2:      minmay_evil_eye, layout_basic, basic_altar, minmay_misc_feat_tiny
D:3:      cheibrodos_fertilizer, layout_basic, serial_bayou_pond_b,
          minmay_starry_boxes
D:4:      layout_loops_cross, lemuel_round_altar, serial_shops,
          nicolae_shop_temple_entry_statues_fountains
D:5:      layout_layer_cave, serial_glass, glass_columns_b, glass_columns_b,
          glass_columns_a
D:6:      lemuel_insect_pit, layout_basic, enter_ossuary_3, gammafunk_ghost_icy
D:7:      layout_loops_ring, temple_pool_b, chequers_serial_rivers_micro_b,
          eino_tiny_chamber
D:8:      layout_rooms, david_lair_shrubbed
D:9:      layout_basic, kennysheep_mini_moat
D:10:     layout_basic, mainiacjoe_overflow_surrounded_room,
          nicolae_elyvilon_peaceful_grove, serial_undead, serial_undead_b,
          serial_undead_c, serial_undead_e, serial_undead_b
D:11:     layout_basic, serial_shops, nicolae_shop_advertising_works
          [nicolae_subvault_shop_adworks], chequers_serial_rivers_room_b,
          hangedman_weighted_door, grunt_decor_mini_mirrors, hangedman_batty,
          uniq_erica
D:12:     layout_cross, orc_0_dummy
D:13:     gammafunk_sealed_library, layout_gridville, grunt_vaults_entry_tiered,
          serial_shops, nicolae_shop_temple_entry_statues_fountains,
          nicolae_shop_behind_doors
D:14:     layout_long_grid, portal_ice_cave_entry_dragon,
          minmay_misc_feat_roman, biasface_ghost_orc_armoury,
          roderic_st_hans_cross
D:15:     grunt_enter_depths_hoard, layout_stronghold,
          nicolae_qazlal_style_of_elements
Temple:   nicolae_temple_two_arcs
Lair:1:   layout_concentric_octagons, nzn_ghost_randoct, grunt_megastairs_4
Lair:2:   layout_regular_city, nicolae_spider_entry_non_spiders, minivault_19,
          wad_woods_01
Lair:3:   layout_chaotic_city, skrybe_swamp_entry_bodies,
          gammafunk_ghost_hydra_chop, nicolae_lair_lil_pond
Lair:4:   layout_cave_pods, lemuel_fruit_fields, lemuel_fruit_tree
Lair:5:   hangedman_lair_tendril_chambers, layout_regular_city,
          hangedman_lair_caniforms_friends, slime_entry_1
Slime:1:  layout_caves, nicolae_slime_barrier
Slime:2:  layout_caves

Skill      XL: |  1  2  3  4  5  6  7  8  9 10 11 12 13 14 15 |
---------------+----------------------------------------------+-----
Shields        | 4 5 6 7 8 10 12 14 15 16 | 16.6
Armour         | 4 5 6 8 11 12 13 | 13.6
Fighting       | 4 5 6 7 8 10 11 12 13 | 13.6
Axes           | 3 4 5 7 8 11 13 15 16 17 18 20 21 | 21.0
Dodging        | 1 2 3 4 5 7 8 9 |  9.2
Stealth        | 1 2 3 4 5 6 |  6.3
Evocations     | 1 |  1.0

Action                   |  1- 3 |  4- 6 |  7- 9 | 10-12 | 13-15 || total
-------------------------+-------+-------+-------+-------+-------++-------
Melee: War axe           |    92 |    87 |   249 |   554 |  1022 ||  2004
       Headbutt          |    13 |    16 |    58 |   145 |   284 ||   516
Evoke: Wand              |       |       |       |       |    17 ||    17
  Use: Potion            |       |    10 |     2 |    13 |    28 ||    53
       Scroll            |       |     7 |     9 |     6 |    21 ||    43
 Stab: Sleeping          |       |     5 |    11 |    13 |    20 ||    49
       Invisible         |       |       |       |     2 |       ||     2
       Distracted        |       |       |       |       |     3 ||     3
       Petrified         |       |       |       |       |     8 ||     8
       Petrifying        |       |       |       |       |     4 ||     4
Armor: Scale mail        |    34 |    19 |    57 |     7 |       ||   117
       Skin              |       |     3 |       |       |   269 ||   272
       Steam dragon scal |       |       |       |    17 |       ||    17
       Plate armour      |       |       |       |    52 |       ||    52
       Ice dragon scales |       |       |       |   156 |   387 ||   543
Dodge: Dodged            |    27 |    15 |    48 |   176 |   403 ||   669
Block: Buckler           |     6 |       |       |       |       ||     6
       Kite shield       |    46 |    65 |   198 |   591 |  1092 ||  1992
       Reflection        |       |     1 |     4 |    43 |    22 ||    70

Table legend: (Time is in decaauts)
 A = Elapsed time spent in this place.
 B = Non-inter-level travel time spent in this place.
 C = Inter-level travel time spent in this place.
 D = Time resting spent in this place.
 E = Time spent auto-exploring this place.
 F = Levels seen in this place.
 G = Mean time per level.
                   A        B        C        D        E       F      G
               +--------+--------+--------+--------+--------+-----+--------+
         Total |  27975 |  24983 |   2992 |    388 |  19576 |  24 | 1165.6 |
       Dungeon |  19745 |  17204 |   2541 |    220 |  13833 |  15 | 1316.3 |
        Temple |    169 |    169 |      0 |      0 |    104 |   1 |  169.0 |
          Lair |   6844 |   6400 |    444 |    168 |   4771 |   5 | 1368.8 |
    Slime Pits |    626 |    619 |      7 |      0 |    528 |   2 |  313.0 |
       Ossuary |    589 |    589 |      0 |      0 |    340 |   1 |  589.0 |
               +--------+--------+--------+--------+--------+-----+--------+

Top non-repeatable levels by time:
    D:13: 2803 daAuts
    D:11: 2784 daAuts
  Lair:5: 2112 daAuts
    D:14: 1835 daAuts
    D:10: 1614 daAuts
    D:15: 1550 daAuts
  Lair:4: 1460 daAuts
  Lair:1: 1286 daAuts
     D:9: 1282 daAuts
  Lair:2: 1253 daAuts
     D:3: 1181 daAuts
     D:5: 1133 daAuts
     D:8: 1090 daAuts
     D:6: 1002 daAuts
     D:7: 843 daAuts
